 Dungeon Crawl Stone Soup version 0.18-a0-1126-ga2d7f46 (webtiles) character file.

330 namelastname112 the Charlatan (level 6, -3/50 HPs)
             Began as a Draconian Artificer on Jan 20, 2016.
             Killed by divine providence
             ... invoked by an orc priest
              (11 damage)
             ... on level 4 of the Dungeon.
             The game lasted 00:06:04 (4092 turns).

namelastname112 the Charlatan (Draconian Artificer) Turns: 4092, Time: 00:06:05

Health: -3/50      AC:  6    Str: 14    XL:     6   Next: 26%
Magic:  9/9        EV: 13    Int: 12    God:
Gold:   152        SH:  0    Dex: 13    Spells: 0 memorised, 5 levels left

rFire  . . .     SeeInvis .     o - +0 halberd (chop)
rCold  . . .     Gourm    .     (armour unavailable)
rNeg   . . .     Faith    .     (shield currently unavailable)
rPois  .         Spirit   .     (helmet restricted)
rElec  .         Dismiss  .     (no cloak)
rCorr  .         Reflect  .     (no gloves)
SustAt .         Harm     .     (no boots)
MR     .....                    (no amulet)
Stlth  +.........               (no ring)
                                (no ring)

@: not resistant to hostile enchantments, very unstealthy
A: unfitting armour, cold-blooded, AC +6
a: no special abilities


You were on level 4 of the Dungeon.
You were hungry.

You visited 1 branch of the dungeon, and saw 4 of its levels.

You collected 152 gold pieces.

Inventory:

Hand Weapons
 g - a +0 spear
 o - a +0 halberd of chopping (weapon)
Wands
 b - a wand of flame (10/48)
 c - a wand of enslavement (13/24)
 d - a wand of random effects (15/48)
Scrolls
 e - 3 scrolls of identify
 h - a scroll of random uselessness {unknown}
 j - a scroll of immolation {unknown}
 n - 3 scrolls of remove curse {unknown}
 q - 3 scrolls of teleportation {unknown}
Potions
 a - a potion of flight
 i - a potion of agility {unknown}
 k - a potion of brilliance
 m - a potion of lignification {unknown}
 s - a potion of might {unknown}
 u - a potion of berserk rage {unknown}
Comestibles
 f - 4 bread rations
 p - 2 fruits
 r - a meat ration
 t - 2 beef jerkies


   Skills:
 + Level 2.9 Fighting
   Level 1.0 Short Blades
 * Level 3.6 Polearms
 + Level 2.6 Dodging
 - Level 0.8 Stealth
 * Level 4.8 Evocations


You had 5 spell levels left.
You didn't know any spells.

Dungeon Overview and Level Annotations

Branches:
Dungeon (4/15)
 Temple: D:4-7

Altars:
Gozag

Shops:
D:4 *


Innate Abilities, Weirdness & Mutations

Your plain brown scales are hard (AC +6).
Your body does not fit into most forms of armour.
You are cold-blooded and may be slowed by cold attacks.


Message History

You feel better. The orc priest hits you with a trident!
* * * LOW HITPOINT WARNING * * *
Drink which item? (? for menu, Esc to quit)
You feel better. The orc priest hits you with a trident.
You closely miss the orc priest.
The orc priest is heavily wounded.
The orc priest hits you with a trident!
* * * LOW HITPOINT WARNING * * *
You hit the orc priest but do no damage.
The orc priest is heavily wounded.
The orc priest misses you.
The orc priest looks braver for a moment.
You barely miss the orc priest.
The orc priest is heavily wounded.
The orc priest hits you but does no damage.
You hit the orc priest but do no damage.
The orc priest is heavily wounded.
The orc priest invokes the aid of Beogh against you.
Something smites you!
You die...

#.#####..#. #...
#.# ##.### ###..##
#.# #.## #......
#.# #..###.# #..#
#.# #..)#.# ## #.#
##....##....
##.###o..........
#.#...##.#...#...#
#.....@oo#.......#
###...####o§.o.≈.#
##.## ##........#
#.# #.o..≈.....
#.# #..........
.)# #..####.### ##
##.# .# ... # ##.


You could see an orc priest and an orc.

Vanquished Creatures
  2 scorpions (D:4)
  Natasha (twice) (D:3)
  A worker ant (D:4)
  4 gnolls
  6 adders
  2 giant geckos (D:2)
  6 orcs
  2 giant cockroaches (D:1)
  7 goblins
  9 hobgoblins
  A ball python (D:4)
  9 bats
  A giant gecko zombie (D:4)
  4 kobolds
  5 rats
61 creatures vanquished.

Vanquished Creatures (collateral kills)
  A worm (D:1)
1 creature vanquished.

Grand Total: 62 creatures vanquished

Notes
Turn   | Place    | Note
--------------------------------------------------------------
     0 | D:1      | namelastname112 the Draconian Artificer began the quest for the Orb.
     0 | D:1      | Reached XP level 1. HP: 16/16 MP: 3/3
   273 | D:1      | Reached XP level 2. HP: 23/23 MP: 4/4
   481 | D:1      | Reached skill level 1 in Polearms
  1155 | D:2      | Reached XP level 3. HP: 21/28 MP: 5/5
  1820 | D:2      | Found an opulent altar of Gozag.
  2083 | D:3      | Reached skill level 4 in Evocations
  2083 | D:3      | Reached XP level 4. HP: 21/36 MP: 5/7
  3157 | D:3      | Reached XP level 5. HP: 22/41 MP: 8/8
  3381 | D:3      | Noticed Natasha
  3386 | D:3      | Killed Natasha
  3416 | D:3      | Noticed Natasha
  3507 | D:3      | Killed Natasha
  3663 | D:4      | Reached XP level 6. HP: 50/50 MP: 9/9
  4058 | D:4      | Found Wuab's Elemental Accessories.
  4092 | D:4      | Killed from afar by an orc priest

Vault maps used:
D:1:      minmay_arrival_five_plusses
D:2:      first_bread, grunt_gozag_statues
D:3:      hangedman_decor_points, item_on_display_a, uniq_natasha
D:4:      bloody_trog, minmay_temple_entry_fiery, nicolae_elemental_shop

Action                   |  1- 3 |  4- 6 || total
-------------------------+-------+-------++-------
Melee: Spear             |   185 |    47 ||   232
       Short sword       |     8 |       ||     8
       Halberd           |       |    70 ||    70
Evoke: Wand              |     3 |     4 ||     7
  Use: Scroll            |       |     3 ||     3
       Potion            |       |     3 ||     3
 Stab: Sleeping          |     5 |       ||     5
  Eat: Chunk             |     4 |     5 ||     9
       Fruit             |       |     1 ||     1
